 Dungeon Crawl Stone Soup version 0.31-a0-182-gc5ef74bbde (webtiles) character file.

Game seed: 2716303010418384213

3256 promet the Trooper (level 9, 0/75 HPs)
             Began as a Green Draconian Air Elementalist on June 21, 2023.
             Was an Initiate of Hepliaklqana.
             Killed by divine providence
             ... invoked by an orc priest
              (10 damage)
             ... on level 8 of the Dungeon.
             The game lasted 01:05:46 (13271 turns).

promet the Trooper (DrAE)                          Turns: 13271, Time: 01:05:47

Health: 0/75       AC: 11    Str: 11    XL:     9   Next: 67%
Magic:  3/15       EV: 12    Int: 19    God:    Hepliaklqana [......]
Gold:   92         SH:  0    Dex: 12    Spells: 7/17 levels left

rFire   . . .        a - +5 Force Lance {heavy, knockback}
rCold   . . .        (no shield)
rNeg    . . .        (body armour unavailable)
rPois   +            (helmet restricted)
rElec   .            y - +1 cloak {Will+}
rCorr   .            l - +0 pair of gloves
SInv    .            v - +0 pair of boots
Will    +....        O - amulet of faith
Stlth   ++           (no ring)
HPRegen 0.32/turn    (no ring)
MPRegen 0.14/turn

%: faith
@: short of breath, marked
A: breathe noxious fumes, AC +7, unfitting armour, poison resistance,
cold-blooded
a: Breathe Noxious Fumes, Renounce Religion


You were on level 8 of the Dungeon.
You worshipped Hepliaklqana.
Hepliaklqana was noncommittal.
You visited 2 branches of the dungeon, and saw 9 of its levels.

You collected 433 gold pieces.
You spent 341 gold pieces at shops.

Inventory:

Hand Weapons
 a - the +5 Force Lance (weapon) {heavy, knockback}
   (You found it on level 5 of the Dungeon)
 b - the +10 shortbow "Giruu" {freeze, rElec rF+ Dex+3}
   (You bought it in a shop on level 2 of the Dungeon)

   Dex:       It affects your dexterity (+3).
   rF:        It protects you from fire.
   rElec:     It insulates you from electricity.
 d - a +2 dagger of venom
 g - a +0 sling
 h - a +1 short sword
 m - a +0 mace
 q - a +2 heavy spear
 x - a +0 dagger of draining
 A - a +3 short sword of speed
 E - a +3 battleaxe of freezing
 H - a +2 rapier of protection
 M - a +0 arbalest of draining
Missiles
 c - 3 datura-tipped darts
 e - 14 poisoned darts (quivered)
 i - 58 stones
 B - a throwing net
Armour
 l - a +0 pair of gloves (worn)
 v - a +0 pair of boots (worn)
 y - a +1 cloak of willpower (worn)
Jewellery
 f - an amulet of guardian spirit
 o - a ring of fire
 F - an amulet of reflection
 L - a ring of resist corrosion
 O - an amulet of faith (around neck)
Wands
 j - a wand of roots (9)
 p - a wand of digging (3)
 D - a wand of mindburst (2)
Scrolls
 t - a scroll of butterflies
 C - 4 scrolls of revelation
 G - a scroll of fog
Potions
 n - 2 potions of magic
 r - a potion of invisibility
 s - 5 potions of curing
 w - 2 potions of ambrosia
 z - 2 potions of berserk rage
 I - a potion of attraction
 N - a potion of brilliance


   Skills:
 * Level 6.2 Fighting
 + Level 0.8 Short Blades
 + Level 1.6(3.8) Axes
 * Level 5.5(5.6) Polearms
 + Level 5.0 Ranged Weapons
 + Level 3.1 Dodging
 + Level 3.1 Stealth
 + Level 4.5 Spellcasting
 + Level 3.4 Conjurations
 + Level 3.6 Fire Magic
 + Level 5.2 Air Magic
 + Level 0.4 Evocations


You had 7 spell levels left.
You knew the following spells:

 Your Spells              Type           Power      Damage    Failure   Level
a - Shock                 Conj/Air       80%        1d8       2%          1
b - Static Discharge      Conj/Air       40%        2-4/arc   3%          2
c - Scorch                Fire           34%        2d6       4%          2
d - Beastly Appendage     Tmut           8%         N/A       13%         1
e - Airstrike             Air            12%        2d(2-18)  16%         4

Your spell library contained the following spells:

 Spells                   Type           Power      Damage    Failure   Level
 Swiftness                Air            24%        N/A       4%          3
 Summon Small Mammal      Summ           16%        N/A       13%         1
 Flame Wave               Conj/Fire      17%        2d7       30%         4
 Call Canine Familiar     Summ           4%         N/A       36%         3
 Portal Projectile        Hex/Tloc       8%         N/A       36%         3
 Summon Guardian Golem    Hex/Summ       4%         N/A       36%         3
 Leda's Liquefaction      Hex/Erth       2%         N/A       78%         4
 Summon Cactus Giant      Summ           2%         N/A       100%        6


Dungeon Overview and Level Annotations

Branches:
Dungeon (8/15)             Temple (1/1) D:7            Lair (0/5) D:8

Altars:
Ashenzari
Cheibriados
Dithmenos
Elyvilon
Fedhas
Hepliaklqana
Kikubaaqudgha
Nemelex Xobeh
Okawaru
Ru
Sif Muna
Vehumet
Yredelemnul
Zin
The Shining One

Shops:
D:1 *   D:2 ((((   D:7 !

Annotations:
D:5 3 runed translucent doors, Smol's ghost, novice OpFi


Innate Abilities, Weirdness & Mutations

You can breathe blasts of noxious fumes.
Your lurid green scales are hard. (AC +7)
You cannot fit into any form of body armour.
Your system is resistant to poisons. (rPois)
You are cold-blooded and may be slowed by cold attacks.


Message History

Your Ranged Weapons skill increases to level 5!
The air fills with toxic fumes!
As you read the scroll labelled HUEZEU SOTUR, it crumbles to dust.
It was a scroll of poison.
The orc priest calls upon Beogh to heal something.
The water moccasin closely misses you.
Casting: Static Discharge (safe; 3% risk of failure)
Confirm with . or Enter, or press ? or * to list all spells.
The water moccasin is struck by an arc of lightning.
The water moccasin is severely wounded.
The black bear is struck by an arc of lightning.
The black bear is severely wounded.
The wight is struck by an arc of lightning.
The wight is lightly damaged.
The lightning grounds out.
The orc priest mumbles some strange prayers to Beogh against you.
Beogh smites you!
The black bear goes berserk!
The water moccasin bites you!
* * * LOW HITPOINT WARNING * * *
Unknown command.
Casting: Static Discharge (safe; 3% risk of failure)
Confirm with . or Enter, or press ? or * to list all spells.
The water moccasin is struck by an arc of lightning.
The water moccasin is almost dead.
You are struck by an arc of lightning.
* * * LOW HITPOINT WARNING * * *
The water moccasin is struck by an arc of lightning.
You kill the water moccasin!
The lightning grounds out.
The black bear rages.
The black bear bites you.
* * * LOW HITPOINT WARNING * * *
The black bear claws you.
* * * LOW HITPOINT WARNING * * *
The black bear claws you.
* * * LOW HITPOINT WARNING * * *
You puncture the black bear!
You kill the black bear!
The orc priest mumbles some strange prayers to Beogh against you.
Beogh smites you!
You die...

## ... .P.. ..P..
...P§§############
..P.§KKl)hz@§§§§§#
....§K§oSz########
....§§ozzY#
.^..§o§§.o#
....§§§....
....§§.P..##
>...§.....#
......P.###


You could see a komodo dragon, a water moccasin, a black bear, a kobold brigand,
4 wights, 2 orc priests, an orc wizard and 2 kobolds.

Vanquished Creatures
  Maurice (D:7)
  Grinder (D:4)
  A wyvern (D:8)
  6 water moccasins
  5 black bears
  An ice beast (D:6)
  2 sky beasts (D:8)
  2 ogres
  A phantom (D:5)
  Blork the orc (D:4)
  4 bullfrogs
  2 scorpions
  A crimson imp (D:7)
  An orc priest (D:3)
  3 hounds
  A jelly (D:5)
  A gnoll bouda (D:5)
  An iguana (D:5)
  2 orc wizards
  Robin (D:3)
  6 gnolls
  6 adders
  A river rat (D:5)
  3 shadow imps
  A white imp (D:7)
  An ufetubus (D:6)
  3 worms
  2 dart slugs
  22 orcs
  11 ball pythons
  6 endoplasms
  7 giant cockroaches
  17 goblins
  8 hobgoblins
  2 jackals (D:1)
  4 quokkas
  9 bats
  2 frilled lizards
  2 goblin skeletons (D:7)
  2 goblin zombies (D:7)
  4 hobgoblin zombies (D:7)
  9 kobolds
  8 rats
174 creatures vanquished.

Vanquished Creatures (collateral kills)
  A gnoll (D:4)
  An endoplasm (D:4)
2 creatures vanquished.

Grand Total: 176 creatures vanquished

Notes
Turn   | Place    | Note
-------+----------+-------------------------------------------
     0 | D:1      | promet the Draconian Air Elementalist began the quest for
                  | the Orb.
     0 | D:1      | Reached XP level 1. HP: 14/14 MP: 3/3
   305 | D:1      | Found a faded altar of an unknown god.
   625 | D:1      | Reached XP level 2. HP: 20/20 MP: 1/5
   628 | D:1      | Learned a level 2 spell: Static Discharge
  1130 | D:1      | Found Louciemo's Assorted Antiques.
  1551 | D:1      | Reached XP level 3. HP: 27/27 MP: 4/6
  1558 | D:1      | Reached skill level 1 in Fighting
  2266 | D:2      | Found Tieran's Antique Weapon Shop.
  2273 | D:2      | Found Galex's Antique Weapon Shop.
  2505 | D:2      | You fall into a shaft and drop 2 floors!
  2517 | D:4      | Reached XP level 4. HP: 29/35 MP: 2/7
  3100 | D:2      | Found Seudwuon's Weapon Emporium.
  3205 | D:2      | Found Vocut's Antique Weapon Boutique.
  4090 | D:3      | Found a broken altar of Ashenzari.
  4095 | D:3      | Reached XP level 5. HP: 41/41 MP: 6/8
  4204 | D:3      | Reached skill level 2 in Fighting
  4271 | D:3      | Learned a level 2 spell: Scorch
  4798 | D:3      | Noticed Robin
  5098 | D:3      | Killed Robin
  5597 | D:4      | Reached skill level 1 in Ranged Weapons
  5597 | D:4      | Reached XP level 6. HP: 48/50 MP: 1/10
  5817 | D:4      | Noticed Grinder
  5817 | D:4      | Paralysed by Grinder for 2 turns
  5837 | D:4      | Killed Grinder
  5838 | D:4      | Reached skill level 3 in Fighting
  5838 | D:4      | Reached skill level 1 in Fire Magic
  6210 | D:4      | Noticed Blork the orc
  6248 | D:4      | Killed Blork the orc
  6249 | D:4      | Your scales start taking on a lurid green colour.
  6249 | D:4      | Reached XP level 7. HP: 32/57 MP: 1/11
  6249 | D:4      | Gained mutation: Your system is resistant to poisons.
                  | (rPois) [Green Draconian growth]
  7070 | D:5      | Entered Level 5 of the Dungeon
  7082 | D:5      | Reached skill level 1 in Axes
  7237 | D:5      | Noticed Smol's ghost (novice OpFi)
  7296 | D:5      | Found a runed translucent gate.
  7297 | D:5      | Found a runed translucent gate.
  7297 | D:5      | Found a runed translucent gate.
  7537 | D:5      | Found the +5 Force Lance {heavy, knockback}
  7705 | D:5      | Reached skill level 4 in Fighting
  7705 | D:5      | Reached skill level 1 in Polearms
  8128 | D:5      | Noticed a troll
  8267 | D:5      | Found a snail-covered altar of Cheibriados.
  8267 | D:5      | Found a sparkling altar of Nemelex Xobeh.
  8267 | D:5      | Noticed a yak
  8287 | D:5      | Noticed a yak
  8788 | D:5      | Reached XP level 8. HP: 63/66 MP: 7/13
 11183 | D:7      | Reached skill level 5 in Fighting
 11285 | D:7      | Found Risueb's Distillery.
 11469 | D:2      | Bought a glowing arbalest for 165 gold pieces
 11469 | D:2      | Bought a jewelled shortbow for 176 gold pieces
 11469 | D:2      | Identified the +10 shortbow "Giruu" {freeze, rElec rF+
                  | Dex+3} (You bought it in a shop on level 2 of the Dungeon)
 11709 | D:7      | Found a staircase to the Ecumenical Temple.
 11715 | Temple   | Entered the Ecumenical Temple
 11846 | Temple   | Became a worshipper of Hepliaklqana the Forgotten
 12148 | D:7      | Found a sacrificial altar of Ru.
 12179 | D:7      | Found a glowing golden altar of the Shining One.
 12192 | D:7      | Reached XP level 9. HP: 72/74 MP: 15/15
 12516 | D:7      | Found a radiant altar of Vehumet.
 12516 | D:7      | Found an ancient bone altar of Kikubaaqudgha.
 12518 | D:7      | Found a shimmering blue altar of Sif Muna.
 12526 | D:7      | Got Sif Muna's Precepts of Forms
 12530 | D:7      | Learned a level 1 spell: Beastly Appendage
 12648 | D:8      | Noticed Maurice
 12671 | D:7      | Killed Maurice
 12672 | D:7      | Reached skill level 5 in Air Magic
 12919 | D:8      | Learned a level 4 spell: Airstrike
 12985 | D:8      | Reached skill level 5 in Polearms
 13148 | D:8      | Reached skill level 6 in Fighting
 13236 | D:8      | Noticed a komodo dragon
 13243 | D:8      | Found a staircase to the Lair.
 13268 | D:8      | Reached skill level 5 in Ranged Weapons
 13271 | D:8      | Killed from afar by an orc priest

Illustrated notes

Levels and vault maps discovered:
D:1:      denvon_arrival_hothouse, layout_loops_ring, serial_shops, shop,
          hellmonk_ecumenical_altar_blasted, minmay_tromino_v4_a
D:2:      layout_rooms, serial_shops, nicolae_shop_statue_plus,
          nicolae_shop_crystal, nicolae_shop_bloodbath_and_beyond,
          nicolae_shop_tiny_waterfront
D:3:      layout_basic, mainiacjoe_overflow_brackets, uniq_robin
D:4:      layout_gridville, roderic_nine_men_s_morris, uniq_blork_the_orc,
          uniq_grinder
D:5:      layout_loops_ring, gammafunk_temple_overflow_forgotten,
          cheibrodos_sewer_entry_sluice, gammafunk_ghost_split, grunt_decor_cap,
          fountainhead, lightli_corner_chamber
D:6:      layout_loops_corners
D:7:      layout_basic, grunt_temple_overflow_magic_moments,
          nicolae_tso_besieged_by_evil, mainiacjoe_overflow_catwalk,
          minmay_temple_entry_hall, serial_shops, shop
D:8:      layout_loops_cross, due_lair_maze_entry_diamond, uniq_maurice
Temple:   minmay_temple_forest_path

Skill      XL: |  1  2  3  4  5  6  7  8  9 |
---------------+----------------------------+-----
Stealth        | 2 3 |  3.1
Fighting       | 1 2 3 4 5 6 |  6.2
Dodging        | 2 3 |  3.1
Conjurations   | 2 3 |  3.4
Air Magic      | 4 5 |  5.2
Ranged Weapons | 1 2 3 4 5 |  5.0
Spellcasting   | 3 4 |  4.5
Fire Magic     | 1 2 3 |  3.6
Axes           | 1 |  1.6
Polearms       | 1 4 5 |  5.5
Short Blades   | |  0.8
Evocations     | |  0.4

Action                     |  1- 3 |  4- 6 |  7- 9 || total
---------------------------+-------+-------+-------++-------
  Melee: Short sword       |    18 |    20 |       ||    38
         Tailslap          |     3 |     2 |    10 ||    15
         Dagger            |     9 |    18 |     2 ||    29
         Spear             |       |     2 |       ||     2
         Lance             |       |       |    84 ||    84
         Battleaxe         |       |       |     3 ||     3
         Punch             |       |       |     1 ||     1
   Fire: Orcbow            |       |    60 |    80 ||   140
         Shortbow          |       |       |    32 ||    32
         Arbalest          |       |       |     6 ||     6
  Throw: Dart              |     2 |     3 |       ||     5
   Cast: Shock             |    59 |    42 |    18 ||   119
         Static Discharge  |     5 |    11 |    36 ||    52
         Scorch            |       |     8 |    23 ||    31
Ability: Breathe Noxious F |       |       |     2 ||     2
  Evoke: Wand              |       |     4 |     6 ||    10
    Use: Scroll            |     3 |     9 |    12 ||    24
         Potion            |       |     1 |     4 ||     5
   Stab: Sleeping          |     1 |       |     1 ||     2
 Armour: Skin              |    11 |    22 |    82 ||   115
  Dodge: Dodged            |    20 |    33 |   115 ||   168

Table legend: (Time is in decaauts)
 A = Elapsed time spent in this place.
 B = Non-inter-level travel time spent in this place.
 C = Inter-level travel time spent in this place.
 D = Time resting spent in this place.
 E = Time spent auto-exploring this place.
 F = Levels seen in this place.
 G = Mean time per level.
                   A        B        C        D        E       F      G
               +--------+--------+--------+--------+--------+-----+--------+
         Total |  13347 |  12681 |    666 |   5653 |   2434 |   9 | 1483.0 |
       Dungeon |  13178 |  12549 |    629 |   5653 |   2331 |   8 | 1647.2 |
        Temple |    168 |    131 |     37 |      0 |    103 |   1 |  168.0 |
               +--------+--------+--------+--------+--------+-----+--------+

Top non-repeatable levels by time:
     D:3: 2422 daAuts
     D:1: 2172 daAuts
     D:6: 2157 daAuts
     D:4: 2078 daAuts
     D:5: 1841 daAuts
     D:7: 1346 daAuts
     D:2: 759 daAuts
     D:8: 400 daAuts
  Temple: 168 daAuts
